[Event "POL-chT DMP Ekstraliga 2019"]
[Site "Katowice"]
[Date "2019.08.30"]
[Round "3.27"]
[White "Piesik, Piotr"]
[Black "Kanarek, Marcel"]
[Result "1/2-1/2"]
[ECO "A05"]
[WhiteElo "2409"]
[BlackElo "2493"]
[Annotator "ChessBase"]
[PlyCount "106"]
[EventDate "2019.08.28"]
[EventType "team-tourn"]
[EventCountry "POL"]
[SourceTitle "playchess.com"]
[Source "ChessBase"]
[SourceQuality "1"]
[TimeControl "40/5400+30:1800+30"]

1. Nf3 Nf6 2. g3 g6 3. b3 Bg7 4. Bb2 O-O 5. Bg2 d6 6. d4 e5 7. dxe5 Ng4 8. Nc3 Nxe5 9. Qd2 Nxf3+ 10. Bxf3 c6 11. O-O-O d5 12. e4 Qf6 13. Bg2 d4 14. Na4 Rd8 15. c3 c5 16. Nxc5 Qc6 17. cxd4 b6 18. Rhg1 bxc5 19. e5 Rd5 20. Bxd5 Qxd5 21. Qc3 Nc6 22. dxc5 Qe4 23. Rge1 Qg2 24. Rd2 Bf5 25. f4 Qh3 26. Qf3 Rc8 27. Bc3 Bf8 28. Qe3 a5 29. Kb2 Be7 30. Rc1 Be6 31. Ka1 Qf5 32. Bb2 a4 33. bxa4 Ra8 34. g4 Qxg4 35. Qe4 Rc8 36. a5 Nxa5 37. c6 Nb3+ 38. axb3 Ra8+ 39. Ba3 Rxa3+ 40. Ra2 Qh3 41. Qc2 Bf5 42. Qc3 Rxa2+ 43. Kxa2 Qxh2+ 44. Qb2 Qxf4 45. c7 Bc8 46. Rd1 Kg7 47. Rd8 Qf1 48. Rd4 Qa6+ 49. Ra4 Qc6 50. Rc4 Qa8+ 51. Ra4 Qc6 52. Rc4 Qa8+ 53. Ra4 Qc6 1/2-1/2

[Event "POL-chT DMP Ekstraliga 2019"]
[Site "Katowice"]
[Date "2019.08.30"]
[Round "3.28"]
[White "Janik, Igor"]
[Black "Simantsev, Mikhail"]
[Result "0-1"]
[ECO "E15"]
[WhiteElo "2483"]
[BlackElo "2346"]
[Annotator "ChessBase"]
[PlyCount "136"]
[EventDate "2019.08.28"]
[EventType "team-tourn"]
[EventCountry "POL"]
[SourceTitle "playchess.com"]
[Source "ChessBase"]
[SourceQuality "1"]
[TimeControl "40/5400+30:1800+30"]

1. d4 Nf6 2. c4 e6 3. Nf3 b6 4. g3 Ba6 5. b3 Bb4+ 6. Bd2 Be7 7. Nc3 d5 8. cxd5 exd5 9. Bg2 O-O 10. O-O Re8 11. Rc1 Nbd7 12. Ne5 Bb7 13. Bg5 h6 14. Nxd7 Qxd7 15. Bxf6 Bxf6 16. e3 Be7 17. Qh5 c6 18. Rc2 Bb4 19. Ne2 a5 20. a4 Qe7 21. Nf4 Rac8 22. Rfc1 Ba3 23. Rd1 Bd6 24. Qg4 Rc7 25. Rdc1 Bc8 26. Qh5 Bb7 27. Bf1 Rcc8 28. Qf5 Rcd8 29. Bd3 g6 30. Qh3 Qg5 31. Qg2 Ba3 32. h4 Qf6 33. Ra1 Bd6 34. Ne2 c5 35. Rd1 Ba8 36. Bb5 Rf8 37. Rcd2 Bb8 38. Nc3 Kg7 39. Ne2 Bd6 40. Qh1 h5 41. Qh3 Bb7 42. Qg2 Ba8 43. Rc2 Rc8 44. Bd7 Rcd8 45. Bh3 Rfe8 46. Qf1 g5 47. hxg5 Qxg5 48. Rc3 Bb7 49. Qg2 Ba6 50. Rc2 c4 51. Rb1 Qg6 52. Rcc1 cxb3 53. Nc3 Bc4 54. Nxd5 Bd3 55. Nf4 Bxf4 56. gxf4 Bxb1 57. Rxb1 b5 58. Rxb3 b4 59. Kf1 Qxg2+ 60. Kxg2 Re7 61. Kf3 Rc7 62. Bf1 Rc2 63. Rb1 Rdc8 64. Bb5 Rc1 65. Rb2 R8c2 66. Rb3 h4 67. Kg4 Rg1+ 68. Kxh4 Rc8 0-1

[Event "POL-chT DMP Ekstraliga 2019"]
[Site "Katowice"]
[Date "2019.08.30"]
[Round "3.29"]
[White "Szustakowski, Antoni"]
[Black "Tomczak, Mikolaj"]
[Result "1/2-1/2"]
[ECO "D37"]
[WhiteElo "2256"]
[BlackElo "2432"]
[Annotator "NA"]
[PlyCount "41"]
[EventDate "2019.08.28"]
[EventType "team-tourn"]
[EventCountry "POL"]
[SourceTitle "playchess.com"]
[Source "ChessBase"]
[SourceQuality "1"]
[TimeControl "40/5400+30:1800+30"]

1. d4 d5 2. c4 e6 3. Nc3 Be7 4. Nf3 Nf6 5. Bf4 O-O 6. e3 Nbd7 7. c5 Nh5 8. Bd3 Nxf4 9. exf4 c6 10. Qc2 g6 11. O-O b6 12. b4 a5 13. a3 Qc7 14. Ne5 Nxe5 15. fxe5 Ba6 16. Na4 axb4 17. Bxa6 bxc5 18. Nxc5 Bxc5 19. Qxc5 Rxa6 20. axb4 Rb6 21. g3 1/2-1/2

[Event "POL-chT DMP Ekstraliga 2019"]
[Site "Katowice"]
[Date "2019.08.30"]
[Round "3.30"]
[White "Cyfka, Karina"]
[Black "Antolak, Julia"]
[Result "1-0"]
[ECO "D25"]
[WhiteElo "2413"]
[BlackElo "2240"]
[Annotator "NA"]
[PlyCount "77"]
[EventDate "2019.08.28"]
[EventType "team-tourn"]
[EventCountry "POL"]
[SourceTitle "playchess.com"]
[Source "ChessBase"]
[SourceQuality "1"]
[TimeControl "40/5400+30:1800+30"]

1. d4 d5 2. c4 dxc4 3. Nf3 Nf6 4. e3 g6 5. Bxc4 Bg7 6. O-O O-O 7. Nc3 Nfd7 8. e4 Nb6 9. Be2 Bg4 10. Be3 Nc6 11. d5 Bxf3 12. Bxf3 Ne5 13. Be2 c6 14. Qb3 cxd5 15. Nxd5 Nxd5 16. exd5 b6 17. Rac1 Rc8 18. Rxc8 Qxc8 19. h3 Rd8 20. Rc1 Qb8 21. Qb5 Nd7 22. b4 Nf6 23. Bf3 Qe5 24. Qc4 Ne8 25. Qc6 Qb8 26. g3 Be5 27. Kg2 Ng7 28. g4 Ne8 29. Qc4 Qd6 30. a4 Nf6 31. Rd1 Qd7 32. a5 Rc8 33. Qa6 bxa5 34. bxa5 Bb8 35. g5 Nxd5 36. Rxd5 Qc7 37. Bf4 Qxf4 38. Qxc8+ Kg7 39. Qc3+ 1-0

[Event "POL-chT DMP Ekstraliga 2019"]
[Site "Katowice"]
[Date "2019.08.31"]
[Round "4.3"]
[White "Dziuba, Marcin"]
[Black "Kanarek, Marcel"]
[Result "1-0"]
[ECO "E46"]
[WhiteElo "2568"]
[BlackElo "2493"]
[Annotator "ChessBase"]
[PlyCount "93"]
[EventDate "2019.08.28"]
[EventType "team-tourn"]
[EventCountry "POL"]
[SourceTitle "playchess.com"]
[Source "ChessBase"]
[SourceQuality "1"]
[TimeControl "40/5400+30:1800+30"]

1. d4 Nf6 2. c4 e6 3. Nc3 Bb4 4. e3 O-O 5. Nge2 d5 6. a3 Bd6 7. c5 Be7 8. b4 b6 9. Nf4 a5 10. Bb2 c6 11. Be2 Ba6 12. O-O Bxe2 13. Qxe2 Nbd7 14. Nd3 Qc7 15. Rfc1 Rfb8 16. Na4 axb4 17. axb4 bxc5 18. Naxc5 Nxc5 19. bxc5 Nd7 20. h3 Bf6 21. Bc3 e5 22. Qd2 exd4 23. Bxd4 Qb7 24. Qc2 Rxa1 25. Rxa1 h6 26. Qa4 Bxd4 27. exd4 Qb3 28. Qxc6 Qxd3 29. Qxd7 Qxd4 30. Rc1 Qd2 31. Rf1 d4 32. c6 Qc2 33. c7 Rf8 34. Re1 d3 35. Re3 Qc1+ 36. Kh2 d2 37. Rd3 Kh7 38. Rxd2 Qc5 39. g3 f5 40. Qd6 Qxd6 41. Rxd6 Rc8 42. Rc6 Kg8 43. Kg2 Kf7 44. Kf3 Ke7 45. Kf4 Kd7 46. Rc2 Ke6 47. h4 1-0

[Event "POL-chT DMP Ekstraliga 2019"]
[Site "Katowice"]
[Date "2019.08.31"]
[Round "4.4"]
[White "Janik, Igor"]
[Black "Michalik, Peter"]
[Result "1/2-1/2"]
[ECO "D10"]
[WhiteElo "2483"]
[BlackElo "2573"]
[Annotator "ChessBase"]
[PlyCount "70"]
[EventDate "2019.08.28"]
[EventType "team-tourn"]
[EventCountry "POL"]
[SourceTitle "playchess.com"]
[Source "ChessBase"]
[SourceQuality "1"]
[TimeControl "40/5400+30:1800+30"]

1. d4 d5 2. c4 c6 3. cxd5 cxd5 4. Bf4 Nf6 5. e3 Nc6 6. Nc3 Bf5 7. Qb3 Na5 8. Qa4+ Bd7 9. Qc2 e6 10. Bd3 Bb4 11. Nge2 Rc8 12. O-O Nc4 13. Rfc1 O-O 14. Bg5 h6 15. Bxf6 Qxf6 16. Qb3 Qe7 17. a3 Bd6 18. Bxc4 Rxc4 19. Nb5 Rxc1+ 20. Rxc1 Bb8 21. Rc2 Rc8 22. Rxc8+ Bxc8 23. Nc1 a6 24. Nc3 Qc7 25. f4 Qc4 26. Kf2 Qxb3 27. Nxb3 b6 28. Nc1 Bd7 29. Nd3 a5 30. a4 Bd6 31. Nb5 Be7 32. b3 f6 33. g4 Kf7 34. Kf3 Ke8 35. Nc3 Bd6 {[%emt 0:06:41] Ke4} 1/2-1/2

[Event "POL-chT DMP Ekstraliga 2019"]
[Site "Katowice"]
[Date "2019.08.31"]
[Round "4.5"]
[White "Plat, Vojtech"]
[Black "Tomczak, Mikolaj"]
[Result "1/2-1/2"]
[ECO "A34"]
[WhiteElo "2561"]
[BlackElo "2432"]
[Annotator "ChessBase"]
[PlyCount "42"]
[EventDate "2019.08.28"]
[EventType "team-tourn"]
[EventCountry "POL"]
[SourceTitle "playchess.com"]
[Source "ChessBase"]
[SourceQuality "1"]
[TimeControl "40/5400+30:1800+30"]

1. c4 Nf6 2. Nc3 c5 3. g3 g6 4. Bg2 Bg7 5. Nf3 d5 6. cxd5 Nxd5 7. O-O Nc6 8. Qb3 Nc7 9. d3 O-O 10. Ne4 b6 11. h4 Be6 12. Qa4 Qd7 13. Nfg5 Nd4 14. Qd1 Bg4 15. f3 Bf5 16. Nf2 h6 17. Ngh3 Rad8 18. g4 Be6 19. e3 Nc6 20. Nf4 Nd5 21. Nxe6 Qxe6 1/2-1/2

[Event "POL-chT DMP Ekstraliga 2019"]
[Site "Katowice"]
[Date "2019.08.31"]
[Round "4.6"]
[White "Cyfka, Karina"]
[Black "Majdan, Joanna"]
[Result "1/2-1/2"]
[ECO "D27"]
[WhiteElo "2413"]
[BlackElo "2368"]
[Annotator "NA"]
[PlyCount "38"]
[EventDate "2019.08.28"]
[EventType "team-tourn"]
[EventCountry "POL"]
[SourceTitle "playchess.com"]
[Source "ChessBase"]
[SourceQuality "1"]
[TimeControl "40/5400+30:1800+30"]

1. Nf3 d5 2. d4 Nf6 3. c4 dxc4 4. e3 e6 5. Bxc4 c5 6. O-O a6 7. b3 cxd4 8. Nxd4 Be7 9. Bb2 O-O 10. Nd2 b5 11. Be2 Bb7 12. a4 Nc6 13. axb5 Nxd4 14. Bxd4 axb5 15. Rxa8 Qxa8 16. Nf3 b4 17. Bc4 Bd5 18. Bxd5 Qxd5 19. Bxf6 Qxd1 1/2-1/2

[Event "POL-chT DMP Ekstraliga 2019"]
[Site "Katowice"]
[Date "2019.08.31"]
[Round "4.9"]
[White "Mastrovasilis, Dimitrios"]
[Black "Piesik, Piotr"]
[Result "1-0"]
[ECO "B90"]
[WhiteElo "2594"]
[BlackElo "2409"]
[Annotator "ChessBase"]
[PlyCount "59"]
[EventDate "2019.08.28"]
[EventType "team-tourn"]
[EventCountry "POL"]
[SourceTitle "playchess.com"]
[Source "ChessBase"]
[SourceQuality "1"]
[TimeControl "40/5400+30:1800+30"]

1. e4 c5 2. Nf3 d6 3. d4 cxd4 4. Nxd4 Nf6 5. Nc3 a6 6. Be3 e5 7. Nb3 Be7 8. h3 Be6 9. f4 exf4 10. Bxf4 Nc6 11. Qe2 Ne5 12. O-O-O Qc7 13. g4 Rc8 14. Kb1 O-O 15. g5 Nfd7 16. Nd5 Bxd5 17. exd5 Rfe8 18. Qg2 Bf8 19. h4 g6 20. h5 Bg7 21. hxg6 hxg6 22. Rh3 Nb6 23. Bc1 Nec4 24. Qh2 Be5 25. Qf2 Na4 26. Bxc4 Qxc4 27. Rh4 Qb5 28. Rh7 Rc7 29. Rdh1 Kf8 30. Qf6 1-0

[Event "POL-chT DMP Ekstraliga 2019"]
[Site "Katowice"]
[Date "2019.08.31"]
[Round "4.10"]
[White "Simantsev, Mikhail"]
[Black "Tazbir, Marcin"]
[Result "1/2-1/2"]
[ECO "D38"]
[WhiteElo "2346"]
[BlackElo "2521"]
[Annotator "ChessBase"]
[PlyCount "39"]
[EventDate "2019.08.28"]
[EventType "team-tourn"]
[EventCountry "POL"]
[SourceTitle "playchess.com"]
[Source "ChessBase"]
[SourceQuality "1"]
[TimeControl "40/5400+30:1800+30"]

1. d4 d5 2. c4 e6 3. Nc3 Nf6 4. Nf3 Bb4 5. Qa4+ Nc6 6. e3 O-O 7. Bd2 a6 8. a3 Be7 9. Qc2 Re8 10. Bd3 dxc4 11. Bxc4 h6 12. Rd1 Bd6 13. e4 e5 14. dxe5 Nxe5 15. Nxe5 Bxe5 16. Bxh6 Qe7 17. Be3 Bxc3+ 18. Qxc3 Nxe4 19. Qb3 Nd6 20. O-O 1/2-1/2

[Event "POL-chT DMP Ekstraliga 2019"]
[Site "Katowice"]
[Date "2019.08.31"]
[Round "4.11"]
[White "Wieczorek, Oskar"]
[Black "Szustakowski, Antoni"]
[Result "1/2-1/2"]
[ECO "C11"]
[WhiteElo "2497"]
[BlackElo "2256"]
[Annotator "ChessBase"]
[PlyCount "95"]
[EventDate "2019.08.28"]
[EventType "team-tourn"]
[EventCountry "POL"]
[SourceTitle "playchess.com"]
[Source "ChessBase"]
[SourceQuality "1"]
[TimeControl "40/5400+30:1800+30"]

1. e4 e6 2. d4 d5 3. Nc3 Nf6 4. e5 Nfd7 5. f4 c5 6. Nf3 Nc6 7. Be3 a6 8. Qd2 b5 9. Nd1 Be7 10. c3 b4 11. Be2 a5 12. O-O O-O 13. Bf2 Rb8 14. Ne3 Nb6 15. cxb4 cxd4 16. Nxd4 Nxd4 17. Qxd4 Bxb4 18. Rac1 Be7 19. b3 Bd7 20. Be1 Nc8 21. f5 Bg5 22. h4 Bxe3+ 23. Qxe3 exf5 24. Qc5 a4 25. bxa4 Nb6 26. Ba5 Nxa4 27. Bxd8 Nxc5 28. Be7 Ne4 29. Bxf8 Kxf8 30. Rfd1 Rb2 31. Rxd5 Be6 32. Bb5 g5 33. Rd8+ Kg7 34. a4 gxh4 35. Rd4 h3 36. gxh3 Ng5 37. Kf1 Nf3 38. Rf4 Nxe5 39. Rf2 Rb3 40. Rc5 Kf6 41. Kg2 Ra3 42. Rfc2 f4 43. R5c3 Ra1 44. Rc1 Ra2+ 45. R3c2 Ra3 46. Rc3 Ra2+ 47. R1c2 Ra1 48. Rc1 1/2-1/2

[Event "POL-chT DMP Ekstraliga 2019"]
[Site "Katowice"]
[Date "2019.08.31"]
[Round "4.12"]
[White "Antolak, Julia"]
[Black "Zawadzka, Jolanta"]
[Result "0-1"]
[ECO "B47"]
[WhiteElo "2240"]
[BlackElo "2407"]
[Annotator "NA"]
[PlyCount "96"]
[EventDate "2019.08.28"]
[EventType "team-tourn"]
[EventCountry "POL"]
[SourceTitle "playchess.com"]
[Source "ChessBase"]
[SourceQuality "1"]
[TimeControl "40/5400+30:1800+30"]

1. e4 c5 2. Nf3 e6 3. d4 cxd4 4. Nxd4 Nc6 5. Nc3 Qc7 6. f4 Nxd4 7. Qxd4 a6 8. Be3 b5 9. a3 Bb7 10. O-O-O Rc8 11. Bd3 Nf6 12. e5 Nd5 13. Ne4 b4 14. axb4 Nxb4 15. Nd6+ Bxd6 16. exd6 Nxd3+ 17. Qxd3 Qa5 18. Bd4 O-O 19. Bc3 Qa1+ 20. Kd2 Qa4 21. Qd4 Qxd4+ 22. Bxd4 f6 23. Rhg1 Rc6 24. Kc1 Rxd6 25. Bc5 Rxd1+ 26. Rxd1 Rf7 27. g3 d5 28. b4 Rc7 29. Kd2 Bc6 30. Kc3 Kf7 31. Kd4 h5 32. Re1 Rc8 33. Re3 Re8 34. Bd6 Kg6 35. Rc3 Bb5 36. Rc7 Rd8 37. Bc5 Rg8 38. Re7 Kf5 39. Ke3 g5 40. fxg5 Rxg5 41. Rh7 Kg6 42. Re7 Re5+ 43. Kf3 Re2 44. h3 e5 45. g4 hxg4+ 46. Kxg4 Rxc2 47. h4 Be2+ 48. Kg3 d4 0-1

[Event "POL-chT DMP Ekstraliga 2019"]
[Site "Katowice"]
[Date "2019.08.31"]
[Round "4.14"]
[White "Skawinski, Arkadiusz"]
[Black "Navara, David"]
[Result "0-1"]
[ECO "B40"]
[WhiteElo "2398"]
[BlackElo "2724"]
[Annotator "RC"]
[PlyCount "66"]
[EventDate "2019.08.28"]
[EventType "team-tourn"]
[EventCountry "POL"]
[SourceTitle "playchess.com"]
[Source "ChessBase"]
[SourceQuality "1"]
[TimeControl "40/5400+30:1800+30"]

1. e4 c5 2. Nf3 e6 3. b3 b6 4. Bd3 Bb7 5. O-O Nc6 6. Re1 Be7 7. Bb2 f6 8. Bf1 Nh6 9. d4 cxd4 10. Nxd4 Nxd4 11. Bxd4 O-O 12. c4 f5 13. Nc3 Bb4 14. e5 f4 15. Bd3 Qh4 16. f3 Ng4 17. h3 Ne3 18. Qe2 Rac8 19. Qf2 Qg5 20. Nb5 Bc5 21. Rac1 a6 22. Bxc5 Rxc5 23. Nd6 Ba8 24. Be4 Rxe5 25. Bxa8 Rxa8 26. Ne4 Qg6 27. Rxe3 fxe3 28. Qxe3 d5 29. Qd4 dxe4 30. Qxe5 exf3 31. g4 Qh6 32. Re1 Rf8 33. g5 f2+ 0-1

[Event "POL-chT DMP Ekstraliga 2019"]
[Site "Katowice"]
[Date "2019.08.31"]
[Round "4.17"]
[White "Bulski, Krzysztof"]
[Black "Bronowicki, Mateusz"]
[Result "1/2-1/2"]
[ECO "A04"]
[WhiteElo "2537"]
[BlackElo "2271"]
[Annotator "ChessBase"]
[PlyCount "83"]
[EventDate "2019.08.28"]
[EventType "team-tourn"]
[EventCountry "POL"]
[SourceTitle "playchess.com"]
[Source "ChessBase"]
[SourceQuality "1"]
[TimeControl "40/5400+30:1800+30"]

1. Nf3 e6 2. c4 b6 3. Nc3 Bb7 4. e4 c5 5. d4 cxd4 6. Qxd4 d6 7. Bg5 Nf6 8. Rd1 Be7 9. Be2 O-O 10. O-O Nbd7 11. e5 Nxe5 12. Nxe5 dxe5 13. Qxe5 Qb8 14. Qe3 Bc5 15. Qh3 Qe5 16. Qh4 Ne4 17. Bf4 Qf6 18. Qxf6 Nxf6 19. a3 Rfd8 20. Nb5 Ne4 21. Rxd8+ Rxd8 22. Nxa7 e5 23. Bc1 Rd6 24. b4 Nc3 25. Bg4 Bd4 26. h3 Rg6 27. Kh2 h5 28. Bf3 Bxf3 29. gxf3 Rf6 30. Kg2 Rg6+ 31. Kh2 Rf6 32. Be3 Rxf3 33. Kg2 Rf6 34. Nb5 Nxb5 35. cxb5 Bxe3 36. fxe3 Rxf1 37. Kxf1 Kf8 38. Ke2 e4 39. a4 Ke7 40. a5 Kd7 41. h4 f6 42. Kf2 1/2-1/2

[Event "POL-chT DMP Ekstraliga 2019"]
[Site "Katowice"]
[Date "2019.08.31"]
[Round "4.20"]
[White "Leniart, Arkadiusz"]
[Black "Hracek, Zbynek"]
[Result "1/2-1/2"]
[ECO "B22"]
[WhiteElo "2488"]
[BlackElo "2572"]
[Annotator "ChessBase"]
[PlyCount "117"]
[EventDate "2019.08.28"]
[EventType "team-tourn"]
[EventCountry "POL"]
[SourceTitle "playchess.com"]
[Source "ChessBase"]
[SourceQuality "1"]
[TimeControl "40/5400+30:1800+30"]

1. e4 c5 2. c3 Nf6 3. e5 Nd5 4. Nf3 d6 5. exd6 Qxd6 6. d4 e6 7. Na3 Nc6 8. Nb5 Qd8 9. c4 Nc7 10. dxc5 Bxc5 11. Qxd8+ Kxd8 12. Nc3 e5 13. Be3 Bxe3 14. fxe3 Bf5 15. Rd1+ Ke7 16. Nd5+ Nxd5 17. cxd5 e4 18. dxc6 exf3 19. cxb7 Rab8 20. gxf3 Rxb7 21. b3 Be6 22. Rd4 Rc8 23. Kd2 Rc5 24. Bd3 Ra5 25. Bb1 Rg5 26. Re1 Rbb5 27. Ra4 a5 28. Bd3 Rb4 29. Rxb4 axb4 30. Re2 Rg1 31. e4 g5 32. Ke3 h5 33. f4 gxf4+ 34. Kxf4 Kd6 35. Bc4 Rg4+ 36. Ke3 Ke5 37. Kd3 h4 38. Bxe6 fxe6 39. Kc4 h3 40. Re3 Rg2 41. Rxh3 Kxe4 42. Rh4+ Kf3 43. Rh6 Rg4+ 44. Kb5 e5 45. h4 Rf4 46. Re6 e4 47. h5 e3 48. h6 Rh4 49. Ka4 e2 50. Rf6+ Ke3 51. Re6+ Kd2 52. Rd6+ Kc2 53. Rc6+ Kd1 54. Rd6+ Ke1 55. Re6 Kd1 56. Rd6+ Kc1 57. Rc6+ Kd2 58. Rd6+ Ke1 59. Re6 1/2-1/2

[Event "POL-chT DMP Ekstraliga 2019"]
[Site "Katowice"]
[Date "2019.08.31"]
[Round "4.21"]
[White "Markowski, Tomasz"]
[Black "Druska, Juraj"]
[Result "1/2-1/2"]
[ECO "A13"]
[WhiteElo "2537"]
[BlackElo "2460"]
[Annotator "ChessBase"]
[PlyCount "126"]
[EventDate "2019.08.28"]
[EventType "team-tourn"]
[EventCountry "POL"]
[SourceTitle "playchess.com"]
[Source "ChessBase"]
[SourceQuality "1"]
[TimeControl "40/5400+30:1800+30"]

1. c4 e6 2. g3 d5 3. Bg2 c6 4. Nf3 b5 5. b3 bxc4 6. bxc4 Ba6 7. cxd5 cxd5 8. O-O Nf6 9. d3 Bd6 10. Nc3 O-O 11. Rb1 Qd7 12. a4 Nc6 13. Nb5 Rab8 14. Bd2 e5 15. Nxd6 Qxd6 16. Rxb8 Rxb8 17. Qa1 h6 18. Rc1 Qe6 19. h3 Rc8 20. a5 Kh7 21. Kh2 Nd7 22. Qa4 f5 23. e4 fxe4 24. dxe4 d4 25. Nh4 Ne7 26. Rxc8 Bxc8 27. f4 exf4 28. gxf4 Nc5 29. Qxd4 Nb3 30. Qc3 Nxd2 31. Qxd2 Qf6 32. Nf3 Ng6 33. Kg3 h5 34. h4 Bg4 35. Ng5+ Kh6 36. e5 Qf8 37. Be4 Bf5 38. Qd6 Qc8 39. Nf7+ Kh7 40. Qc6 Qxc6 41. Bxc6 Ne7 42. Bb5 Kg8 43. Nd6 Kf8 44. Be2 g6 45. Bf3 Be6 46. Be4 Bd5 47. Kf3 Bxe4+ 48. Kxe4 Nc6 49. Nc4 Ke7 50. f5 gxf5+ 51. Kxf5 a6 52. Ne3 Nxa5 53. Nd5+ Kf7 54. e6+ Kg7 55. Nf4 Nc6 56. Nxh5+ Kh6 57. Nf4 a5 58. Ke4 a4 59. Kd3 Kg7 60. Kc3 Kf6 61. h5 Nd8 62. h6 Nxe6 63. Nxe6 Kg6 1/2-1/2

[Event "POL-chT DMP Ekstraliga 2019"]
[Site "Katowice"]
[Date "2019.08.31"]
[Round "4.22"]
[White "Kaczmarek, Aleksander"]
[Black "Nasuta, Grzegorz"]
[Result "1/2-1/2"]
[ECO "C11"]
[WhiteElo "2389"]
[BlackElo "2533"]
[Annotator "ChessBase"]
[PlyCount "169"]
[EventDate "2019.08.28"]
[EventType "team-tourn"]
[EventCountry "POL"]
[SourceTitle "playchess.com"]
[Source "ChessBase"]
[SourceQuality "1"]
[TimeControl "40/5400+30:1800+30"]

1. e4 e6 2. Nf3 d5 3. Nc3 Nf6 4. e5 Nfd7 5. d4 c5 6. dxc5 Nc6 7. Bf4 h6 8. Bg3 Nxc5 9. Bd3 Be7 10. O-O a6 11. a3 Bd7 12. Re1 Nxd3 13. cxd3 O-O 14. Qd2 b5 15. Qf4 b4 16. axb4 Nxb4 17. Rad1 Bb5 18. Re3 d4 19. Nxd4 Bg5 20. Qe4 Bxe3 21. fxe3 Nd5 22. Bh4 Qd7 23. Qf3 Ne7 24. Ne4 Ng6 25. Bf6 Qd5 26. Qg4 Rfc8 27. h4 h5 28. Qxh5 Bxd3 29. Ng5 Nxe5 30. Nf5 Bxf5 31. Rxd5 Rc1+ 32. Kh2 Bg6 33. Qe2 gxf6 34. Rxe5 fxe5 35. h5 f6 36. Qf3 Ra7 37. Qxf6 Bxh5 38. Qxe6+ Bf7 39. Qxe5 Rac7 40. e4 R1c6 41. Qf4 Re7 42. e5 Rg6 43. Ne4 Kg7 44. Nf6 Rxe5 45. Qxe5 Rxf6 46. g4 Kg6 47. Kg3 Re6 48. Qf5+ Kg7 49. Qg5+ Rg6 50. Qe5+ Kh7 51. Kf4 Kg8 52. Kf5 Kh7 53. Qc7 Kg7 54. Qc8 Rf6+ 55. Ke5 Rg6 56. Qd7 Kg8 57. Qd8+ Kg7 58. Qc8 Bg8 59. Qd8 Bf7 60. g5 Re6+ 61. Kf5 Rg6 62. Qc8 Rd6 63. Qc3+ Kg8 64. Qb4 Rg6 65. Qc5 Kg7 66. Ke4 Kg8 67. Kd4 Kg7 68. Qe7 Re6 69. Qd8 Rg6 70. b4 Re6 71. Qc8 Rg6 72. Ke3 Re6+ 73. Kf4 Rg6 74. Kf5 Rd6 75. Qc3+ Kg8 76. Qg3 Rg6 77. Qe5 Rb6 78. Qd4 Rg6 79. Qd8+ Kg7 80. Qb8 Be6+ 81. Ke5 Bf7 82. Qc8 Bg8 83. Kf5 Bf7 84. Qd7 Kg8 85. Qd8+ 1/2-1/2

[Event "POL-chT DMP Ekstraliga 2019"]
[Site "Katowice"]
[Date "2019.08.31"]
[Round "4.23"]
[White "Jakubowski, Krzysztof"]
[Black "Mikrut, Dariusz"]
[Result "1/2-1/2"]
[ECO "B26"]
[WhiteElo "2518"]
[BlackElo "2375"]
[Annotator "ChessBase"]
[PlyCount "134"]
[EventDate "2019.08.28"]
[EventType "team-tourn"]
[EventCountry "POL"]
[SourceTitle "playchess.com"]
[Source "ChessBase"]
[SourceQuality "1"]
[TimeControl "40/5400+30:1800+30"]

1. e4 c5 2. Nc3 Nc6 3. g3 g6 4. Bg2 Bg7 5. d3 d6 6. Be3 e5 7. Qd2 Nge7 8. Bh6 Bxh6 9. Qxh6 Nd4 10. O-O-O Be6 11. Kb1 b5 12. Nd5 Bxd5 13. exd5 Nef5 14. Qd2 b4 15. h4 Rb8 16. h5 Qa5 17. hxg6 fxg6 18. Ne2 Nxe2 19. Qxe2 Rb6 20. Be4 O-O 21. Bxf5 Rxf5 22. Qg4 Ra6 23. Qc4 b3 24. Qxb3 Rb6 25. Qc4 Qa3 26. b3 Ra6 27. Rdf1 Qxa2+ 28. Kc1 Rb6 29. Qh4 Qa1+ 30. Kd2 Qa5+ 31. Ke2 Rb7 32. Ra1 Qb6 33. Qc4 Qc7 34. Qa6 Qf7 35. Rh2 Qxd5 36. Qc4 Qf7 37. Ra6 Rf6 38. Rc6 h5 39. Rc8+ Kg7 40. g4 Qxc4 41. dxc4 hxg4 42. Rch8 Rff7 43. R8h4 g3 44. fxg3 Kf6 45. Ke3 Ke6 46. Rh8 a5 47. Rg8 Kf5 48. Rd2 Rbd7 49. Ra8 Kg4 50. Rxa5 g5 51. Ra1 Rf3+ 52. Ke4 Rxg3 53. Kd5 Rf3 54. Kc6 Rd8 55. Rg1+ Kf4 56. Rdg2 Rg8 57. Rg4+ Kf5 58. Kxd6 Rf4 59. R4g2 e4 60. Kxc5 e3 61. Kb6 g4 62. c5 Rf2 63. Rg3 Kf4 64. c6 Rxc2 65. b4 e2 66. Rb3 Rd2 67. Rbb1 Rb8+ 1/2-1/2

[Event "POL-chT DMP Ekstraliga 2019"]
[Site "Katowice"]
[Date "2019.08.31"]
[Round "4.26"]
[White "Czarnota, Pawel"]
[Black "Shevchenko, Kirill"]
[Result "1/2-1/2"]
[ECO "B90"]
[WhiteElo "2532"]
[BlackElo "2556"]
[Annotator "ChessBase"]
[PlyCount "70"]
[EventDate "2019.08.28"]
[EventType "team-tourn"]
[EventCountry "POL"]
[SourceTitle "playchess.com"]
[Source "ChessBase"]
[SourceQuality "1"]
[TimeControl "40/5400+30:1800+30"]

1. e4 c5 2. Nf3 d6 3. d4 cxd4 4. Nxd4 Nf6 5. Nc3 a6 6. Be3 e5 7. Nf3 Be7 8. Bc4 O-O 9. O-O Be6 10. Bb3 b5 11. Bg5 Nbd7 12. Bxf6 Nxf6 13. Qd3 Rc8 14. a3 Bc4 15. Bxc4 bxc4 16. Qe2 Qc7 17. Rfd1 Rfd8 18. Rab1 Qc6 19. Nd5 Rd7 20. g3 Rb7 21. b4 cxb3 22. cxb3 Nxd5 23. Rxd5 Qc2 24. Qxc2 Rxc2 25. h4 g6 26. Nd2 Rb5 27. Rd3 f5 28. Rd1 d5 29. Rxd5 Bxa3 30. Nc4 Bc5 31. R1d2 Rxd2 32. Nxd2 Bb4 33. Nc4 fxe4 34. Rxe5 Rxe5 35. Nxe5 Bc3 1/2-1/2

[Event "POL-chT DMP Ekstraliga 2019"]
[Site "Katowice"]
[Date "2019.08.31"]
[Round "4.27"]
[White "Kriebel, Tadeas"]
[Black "Olszewski, Michal"]
[Result "1/2-1/2"]
[ECO "C84"]
[WhiteElo "2531"]
[BlackElo "2522"]
[Annotator "ChessBase"]
[PlyCount "97"]
[EventDate "2019.08.28"]
[EventType "team-tourn"]
[EventCountry "POL"]
[SourceTitle "playchess.com"]
[Source "ChessBase"]
[SourceQuality "1"]
[TimeControl "40/5400+30:1800+30"]

1. e4 e5 2. Nf3 Nc6 3. Bb5 a6 4. Ba4 Nf6 5. O-O Be7 6. d3 b5 7. Bb3 d6 8. a3 O-O 9. Nc3 Na5 10. Ba2 c5 11. Nd5 Nxd5 12. Bxd5 Bb7 13. Bxb7 Nxb7 14. c3 Bf6 15. Qb3 Qd7 16. Qd5 Rfc8 17. Be3 Qc6 18. Qxc6 Rxc6 19. Nd2 Bd8 20. a4 b4 21. cxb4 cxb4 22. Rfc1 Rac8 23. Rc4 Na5 24. Rxb4 Rc2 25. Kf1 f5 26. exf5 d5 27. Nf3 Bf6 28. Rb6 e4 29. dxe4 Nc4 30. Re6 Nxe3+ 31. fxe3 dxe4 32. Rxe4 Rxb2 33. Rd1 Rcc2 34. Rg4 h5 35. Rg6 Rf2+ 36. Kg1 Rfe2 37. h4 Rb6 38. Rd7 Kf8 39. Rd3 a5 40. Rd5 Rb1+ 41. Kh2 Rxe3 42. Rxa5 Rb4 43. Ra8+ Re8 44. Ra7 Rf4 45. a5 Rxf5 46. a6 Re7 47. Ra8+ Re8 48. Ra7 Re7 49. Ra8+ 1/2-1/2